AoeStats
← Zathao1993

Black Forest

511083305Analyzed
4v4 RM · 3h ago on Oct 3, 2026· 48m 0s· 8 players
Game mode
Random Map
Map size
Large (8 player)
Population
200
Speed
Normal
Resources
Standard
Victory
Conquest
Starting age
Dark Age
Ending age
Imperial Age
RankedLock teamsTeams togetherTeam positionsShared explorationLock speedFull tech treeHidden civsTurbo modeCheats
Victory
Defeat
🇮🇳 Bohemians · India
1265
+17
🇺🇸 Muisca · United States
1227
+19
🇨🇿 Celts · Czechia
1205
+20
🇨🇳 Spanish · China
1205
+20
🇧🇷 Saracens · Brazil
1359
-22
🇧🇷 Goths · Brazil
1316
-20
🇧🇷 Burmese · Brazil
1273
-18
🇧🇷 Varangians · Brazil
1209
-16
Prekvapko, tu Hanz
0:27 Loom
12:44 Feudal Age
17:28 Castle Age
17:43 Fletching
28:56 Gold Mining
32:00 Scale Barding Armor
35:41 Husbandry
35:43 Scale Mail Armor
37:54 Wheelbarrow
37:25 Double-Bit Axe
37:22 Horse Collar
38:28 Bow Saw
39:39 Chain Barding Armor
41:06 Masonry
45:58 Imperial Age
44:25 Forging
46:26 Iron Casting
46:00 Cavalier
snek_fan
0:35 Loom
11:40 Feudal Age
16:40 Castle Age
16:54 Double-Bit Axe
18:50 Bow Saw
22:14 Horse Collar
27:50 Wheelbarrow
29:51 Town Watch
33:05 Imperial Age
33:40 Chemistry
32:42 Padded Archer Armor
33:36 Fortified Wall
33:36 Masonry
34:30 Conscription
37:30 Siege Engineers
38:47 Fletching
40:33 Leather Archer Armor
41:02 Ballistics
40:39 Bodkin Arrow
41:40 Hand Cart
44:15 Bracer
45:05 Squires
45:07 Scale Mail Armor
45:18 Forging
47:29 Iron Casting
47:34 Murder Holes
Zenar
10:21 Loom
12:07 Feudal Age
16:20 Castle Age
18:28 Loom
19:39 Wheelbarrow
22:25 Double-Bit Axe
25:24 Redemption
25:28 Fervor
25:39 Sanctity
26:00 Horse Collar
26:32 Bow Saw
36:03 Imperial Age
33:26 Treadmill Crane
33:48 Fletching
33:58 Padded Archer Armor
35:25 Hand Cart
35:07 Bodkin Arrow
35:28 Leather Archer Armor
34:49 Elite Skirmisher
35:35 Thumb Ring
36:39 Squires
36:23 Crossbowman
36:47 Elite Temple Guard
37:29 Bracer
37:38 Thumb Ring
37:59 Heavy Plow
38:56 Conscription
38:53 Scale Mail Armor
39:03 Forging
38:47 Town Watch
40:10 Chain Mail Armor
39:50 Gold Mining
40:29 Huaracas
40:06 Arbalester
41:50 Crop Rotation
42:37 Ballistics
43:20 Chemistry
42:52 Plate Mail Armor
42:58 Iron Casting
42:59 Herbalism
43:24 Stone Mining
44:12 Gold Shaft Mining
44:40 Two-Man Saw
45:22 Siege Engineers
XGFC
10:44 Feudal Age
14:14 Castle Age
12:03 Double-Bit Axe
13:14 Horse Collar
13:52 Loom
23:27 Padded Archer Armor
25:15 Husbandry
25:26 Bloodlines
26:40 Wheelbarrow
27:30 Heavy Plow
27:44 Gold Mining
28:27 Hand Cart
28:45 Town Watch
34:12 Imperial Age
31:57 Bow Saw
33:40 Leather Archer Armor
33:16 Fletching
36:45 Ring Archer Armor
38:32 Bodkin Arrow
39:48 Scale Barding Armor
42:31 Conscription
43:37 Two-Man Saw
43:01 Chain Barding Armor
42:52 Forging
42:08 Light Cavalry
43:05 Stone Mining
42:45 Elite Conquistador
44:01 Hoardings
45:38 Plate Barding Armor
45:39 Iron Casting
47:03 Ballistics
47:43 Chemistry
46:55 Masonry
HeriN~'#*
0:42 Loom
11:43 Feudal Age
12:32 Man-at-Arms
13:41 Double-Bit Axe
18:21 Scale Mail Armor
18:34 Forging
19:18 Wheelbarrow
30:26 Castle Age
31:24 Squires
31:31 Long Swordsman
33:09 Chain Mail Armor
38:44 Iron Casting
39:53 Bow Saw
41:37 Hand Cart
43:18 Horse Collar
46:16 Imperial Age
43:53 Anarchy
44:39 Gold Mining
48:13 Blast Furnace
47:53 Conscription
TROVÃO DO OESTE
5:00 Loom
8:59 Feudal Age
9:50 Double-Bit Axe
16:28 Fletching
23:45 Castle Age
21:33 Horse Collar
22:07 Padded Archer Armor
24:04 Elite Skirmisher
24:45 Bodkin Arrow
26:18 Bow Saw
26:36 Crossbowman
27:22 Thumb Ring
28:25 Wheelbarrow
29:24 Leather Archer Armor
30:28 Ballistics
36:52 Hand Cart
37:59 Heavy Plow
41:46 Imperial Age
39:27 Town Watch
41:49 Pikeman
42:30 Squires
43:10 Bracer
44:20 Chemistry
44:25 Town Patrol
44:38 Masonry
46:55 Two-Man Saw
45:31 Arbalester
Pikachu Pay
8:38 Loom
11:11 Feudal Age
11:24 Man-at-Arms
11:50 Arson
15:29 Horse Collar
16:22 Gold Mining
23:56 Wheelbarrow
26:37 Castle Age
25:24 Stone Mining
27:46 Forging
27:37 Scale Mail Armor
28:08 Heavy Plow
28:50 Gold Shaft Mining
27:46 Long Swordsman
28:13 Gambesons
28:28 Squires
29:43 Iron Casting
29:25 Chain Mail Armor
32:12 Imperial Age
33:56 Chemistry
32:18 Two-Handed Swordsman
33:30 Plate Mail Armor
34:00 Blast Furnace
39:58 Champion
45:10 Hand Cart
47:22 Fletching
47:33 Padded Archer Armor
47:36 Elite Skirmisher
48:13 Bodkin Arrow
Zathao1993
6:31 Loom
9:03 Feudal Age
11:07 Wheelbarrow
11:50 Double-Bit Axe
15:27 Horse Collar
16:34 Bloodlines
17:59 Forging
17:55 Scale Barding Armor
21:49 Castle Age
23:12 Chain Barding Armor
23:27 Iron Casting
24:16 Bow Saw
25:26 Husbandry
26:08 Vendel Legacy
41:49 Imperial Age
41:58 Imperial Age
42:04 Cavalier
43:53 Blast Furnace
43:29 Plate Barding Armor
43:15 Light Cavalry
Connection lost

Rejoining the realm…

Still unreachable

The connection could not be restored.

Session expired

The server has moved on; the page needs a fresh start.